 Dungeon Crawl Stone Soup version 0.20-a0-553-g9f38e11 (webtiles) character file.

6229 seren the Grappler (level 10, -2/98 HPs)
             Began as a Troll Monk on Jan 29, 2017.
             Was a Priest of Ashenzari.
             Slain by a four-headed hydra (16 damage)
             ... on level 1 of the Lair of Beasts on Feb 3, 2017.
             The game lasted 00:49:25 (8888 turns).

seren the Grappler (Troll Monk)                     Turns: 8888, Time: 00:49:26

Health: -2/98      AC:  9    Str: 29    XL:     10   Next: 61%
Magic:  9/9        EV: 14    Int:  6    God:    Ashenzari [***...]
Gold:   381        SH:  0    Dex: 14    Spells: 9/9 levels left

rFire    . . .     SeeInvis +   s - +2 mace (crush)
rCold    . . .     Gourm    +   a - +1 robe
rNeg     . . .     Faith    .   (no shield)
rPois    +         Spirit   .   (helmet restricted)
rElec    .         Reflect  .   y - +2 cloak
rCorr    .         Harm     .   (gloves unavailable)
MR       .....                  (boots unavailable)
Stlth    ++........             (no amulet)
Regen    0.7/turn               r - ring of poison resistance
                                C - +2 ring of strength

@: mighty, exhausted, slowed, very slow
A: unfitting armour, claws 3, fast metabolism 3, gourmand, regeneration 1,
shaggy fur 1, tough skin 2
a: Curse Item, Scrying, Renounce Religion


You were on level 1 of the Lair of Beasts.
You worshipped Ashenzari.
Ashenzari was most pleased with you.
You were completely stuffed.

You visited 3 branches of the dungeon, and saw 11 of its levels.

You collected 381 gold pieces.

Inventory:

Hand Weapons
 e - a +1 club
 g - a +0 trident
 s - a +2 mace of crushing (weapon)
 F - the +5 hand axe "Osser" {chop, rElec MR+}
   (You found it on level 7 of the Dungeon)

   It inflicts extra damage upon your enemies.
   It insulates you from electricity.
   It affects your resistance to hostile enchantments.
 I - a +0 blowgun
Missiles
 z - 5 exploding tomahawks
 B - a throwing net
 J - 23 poisoned needles
 K - 7 curare-tipped needles
 P - 8 tomahawks (quivered)
Armour
 a - a +1 robe (worn)
 q - a cursed +0 animal skin
 y - a +2 cloak (worn)
Jewellery
 r - a ring of poison resistance (right claw)
 w - an uncursed ring of wizardry
 x - an uncursed amulet of magic regeneration
 C - a +2 ring of strength (left claw)
 O - an uncursed ring of protection from fire
Wands
 D - a wand of disintegration (5/24)
 E - a wand of clouds (3/9)
 H - a wand of digging (7/24)
 M - a wand of confusion (28/48)
Scrolls
 c - 2 scrolls of blinking
 j - 2 scrolls of fog
 k - a scroll of identify
 n - a scroll of remove curse
 o - 3 scrolls of magic mapping
Potions
 d - 3 potions of lignification
 h - 3 potions of curing
 i - 3 potions of might
 m - a potion of brilliance
 p - 5 potions of berserk rage
 v - a potion of haste
 A - a potion of resistance
 N - a potion of agility
Books
 u - a book of Changes

   Spells                             Type                      Level
   a - Beastly Appendage              Transmutation                1
   b - Sticks to Snakes               Transmutation                2
   c - Spider Form                    Transmutation/Poison         3
   d - Ice Form                       Ice/Transmutation            4
   e - Blade Hands                    Transmutation                5
 G - a book of Geomancy

   Spells                             Type                      Level
   a - Sandblast                      Earth                        1
   b - Passwall                       Transmutation/Earth          2
   c - Stone Arrow                    Conjuration/Earth            3
   d - Petrify                        Transmutation/Earth          4
   e - Lee's Rapid Deconstruction     Earth                        5
Comestibles
 b - 4 bread rations
 f - 5 meat rations
 l - 4 royal jellies
 t - 6 fruits
 L - 4 chunks of flesh


   Skills:
 - Level 6.1 Fighting
 + Level 4.2 Throwing
 - Level 7.0 Dodging
 - Level 1.0 Stealth
 - Level 11.7 Unarmed Combat


You had 9 spell levels left.
You didn't know any spells.

Dungeon Overview and Level Annotations

Branches:
Dungeon (9/15)             Temple (1/1) D:7            Lair (1/6) D:8
    Orc: D:9-12

Altars:
Ashenzari
Cheibriados
Elyvilon
Fedhas
Gozag
Hepliaklqana
Kikubaaqudgha
Makhleb
Nemelex Xobeh
Okawaru
Qazlal
Ru
Sif Muna
Trog
Uskayaw
Vehumet
Xom
Yredelemnul
Zin
The Shining One

Annotations:
D:5 1 runed door
D:6 double head ogre, Menkaure
D:8 exclusion: upstairs, Gastronok; kroki's ghost, novice TrFi
D:9 Erolcha


Innate Abilities, Weirdness & Mutations

You are too large for most types of armour.
You have claws for hands.
Your metabolism is lightning-fast.
You like to eat raw meat.
Your natural rate of healing is unusually fast.
You are covered in fur. (AC +1)
You have very tough skin. (AC +2)


Message History

You sock the four-headed hydra!
The four-headed hydra is heavily wounded.
The four-headed hydra barely misses you.
The four-headed hydra bites you!
* * * LOW HITPOINT WARNING * * *
The four-headed hydra bites you!
* * * LOW HITPOINT WARNING * * *
The four-headed hydra closely misses you.
You feel a strong urge to attack something.
You feel your anger subside.
You are no longer berserk.
You are exhausted.
You feel yourself slow down.
A porcupine comes into view.
The four-headed hydra misses you. The four-headed hydra bites you!
* * * LOW HITPOINT WARNING * * *
The four-headed hydra misses you.
The four-headed hydra closely misses you.
You hear a distant blaring wail to the northwest.
The four-headed hydra bites you!
You die...

#.......#........#, ,
#.......#.P......###
###.......##.........## , ,
.#.....................
...........P.......... ,,, ,
...................#
.............%....## , ..........
....%..............# ..........
.............%.D@..#.. ..........
........P.......#..#.. ..........
....%.P....P..%#......,..........
..............###...###..........
..............##..### #.........
....###...........# *#........
...........###...## ##)...... ...
....#### ##..## #.......
..,....## ##..# #.......


You could see a four-headed hydra.

Vanquished Creatures
  The ghost of Rhoefr the Sneak, an amateur OpEE (D:4)
  Eustachio (D:4)
  A basilisk (D:8)
  Grum (D:7)
  5 yaks
  3 porcupines
  A hornet zombie (D:9)
  4 ice beasts
  4 sky beasts
  A black bear (D:9)
  7 ogres
  A necrophage (D:7)
  4 wolves
  3 centaurs
  5 crocodiles
  3 big kobolds
  5 bullfrogs
  A wyvern zombie (D:8)
  A scorpion (D:8)
  4 killer bees (D:9)
  5 electric eels (D:7)
  A howler monkey (D:7)
  7 crimson imps
  A quasit (D:7)
  3 jellies
  4 orc wizards
  3 orc priests
  A centaur zombie (D:7)
  A bullfrog skeleton (D:4)
  6 worker ants
  2 hound zombies
  2 worker ant zombies
  A howler monkey skeleton (D:8)
  10 adders
  A shadow imp (D:6)
  3 white imps (D:9)
  An ufetubus (D:9)
  2 oozes
  2 adder skeletons (D:7)
  An adder zombie (D:8)
  6 worms
  2 dart slugs
  An adder simulacrum (D:9)
  4 leopard geckos
  28 orcs
  A ball python (D:4)
  3 bats
  8 giant cockroaches
  6 goblins
  5 hobgoblins
  5 jackals
  23 kobolds
  5 quokkas
  3 frilled lizards
  A leopard gecko skeleton (D:6)
  A quokka zombie (D:6)
  12 rats
227 creatures vanquished.

Vanquished Creatures (others)
  A leopard gecko (D:7)
  A jackal (D:7)
  3 bushes (D:8)
  7 fungi (D:8)
  12 plants (D:8)
24 creatures vanquished.

Grand Total: 251 creatures vanquished

Notes
Turn   | Place    | Note
-------+----------+-------------------------------------------
     0 | D:1      | seren the Troll Monk began the quest for the Orb.
     0 | D:1      | Reached XP level 1. HP: 22/22 MP: 0/0
    67 | D:1      | Reached XP level 2. HP: 29/29 MP: 1/1
   526 | D:1      | Reached skill level 4 in Unarmed Combat
   574 | D:1      | Reached XP level 3. HP: 36/36 MP: 2/2
   658 | D:2      | Found a shimmering altar of Xom.
   658 | D:2      | Found a glowing silver altar of Zin.
   658 | D:2      | Noticed an angel
   991 | D:2      | Reached XP level 4. HP: 41/44 MP: 3/3
  1065 | D:2      | Reached skill level 5 in Unarmed Combat
  1613 | D:3      | Found an iron altar of Okawaru.
  1761 | D:3      | Found a deep blue altar of Sif Muna.
  1969 | D:4      | Noticed a centaur
  1997 | D:4      | Killed a centaur
  1997 | D:4      | Reached skill level 6 in Unarmed Combat
  1997 | D:4      | Reached XP level 5. HP: 42/50 MP: 4/4
  2019 | D:4      | Noticed Eustachio
  2203 | D:4      | Noticed Rhoefr's ghost (amateur OpEE)
  2313 | D:5      | Entered Level 5 of the Dungeon
  2322 | D:5      | Noticed a sky beast
  2324 | D:5      | Found a glowing golden altar of the Shining One.
  2325 | D:5      | Found a runed door.
  2325 | D:5      | Noticed an angel
  2420 | D:5      | Killed a sky beast
  2420 | D:5      | Reached XP level 6. HP: 45/59 MP: 5/5
  2447 | D:5      | Found a white marble altar of Elyvilon.
  2463 | D:5      | Reached skill level 7 in Unarmed Combat
  2703 | D:5      | Found an opulent altar of Gozag.
  2982 | D:6      | Found a hazy altar of Hepliaklqana.
  3021 | D:6      | Reached skill level 8 in Unarmed Combat
  3031 | D:6      | Reached XP level 7. HP: 52/66 MP: 6/6
  3039 | D:6      | Upgraded the game from 0.20-a0-540-ge6d1839 to 0.20-a0-544-g2b9a704
  3069 | D:6      | Noticed a two-headed ogre
  3389 | D:7      | Found a glowing golden altar of the Shining One.
  3538 | D:6      | Noticed Menkaure
  3849 | D:7      | Found a staircase to the Ecumenical Temple.
  3859 | Temple   | Entered the Ecumenical Temple
  4048 | Temple   | Became a worshipper of Ashenzari the Shackled
  4048 | Temple   | Reached * piety under Ashenzari
  4048 | Temple   | Reached ** piety under Ashenzari
  4195 | D:7      | Reached XP level 8. HP: 78/78 MP: 7/7
  4197 | D:7      | Found an ancient bone altar of Kikubaaqudgha.
  4309 | D:7      | Got the hand axe "Osser" {chop, rElec MR+}
  4392 | D:7      | Identified the +5 hand axe "Osser" {chop, rElec MR+} (You found it on level 7 of the Dungeon)
  4446 | D:7      | Reached skill level 5 in Fighting
  4791 | D:7      | Upgraded the game from 0.20-a0-544-g2b9a704 to 0.20-a0-553-g9f38e11
  4912 | D:8      | Reached skill level 9 in Unarmed Combat
  5095 | D:8      | Noticed Grum
  5212 | D:7      | Reached skill level 10 in Unarmed Combat
  5433 | D:7      | Reached XP level 9. HP: 77/87 MP: 8/8
  5647 | D:8      | Noticed Gastronok
  6007 | D:4      | Killed Rhoefr's ghost
  6007 | D:4      | Reached skill level 11 in Unarmed Combat
  6187 | D:4      | Killed Eustachio
  6920 | D:8      | Noticed kroki's ghost (novice TrFi)
  7097 | D:8      | Noticed Psyche
  7360 | D:7      | Reached skill level 5 in Dodging
  7363 | D:7      | Killed Grum
  7363 | D:7      | Reached XP level 10. HP: 55/98 MP: 9/9
  7630 | D:8      | Found a staircase to the Lair.
  7641 | Lair:1   | Entered Level 1 of the Lair of Beasts
  8377 | D:9      | Reached skill level 1 in Throwing
  8660 | D:9      | Reached *** piety under Ashenzari
  8751 | D:9      | Noticed Erolcha
  8861 | Lair:1   | Noticed a four-headed hydra
  8888 | Lair:1   | Slain by a four-headed hydra

Vault maps used:
D:1:      ncdulo_wetmaze
D:2:      grunt_temple_overflow_order_and_chaos_1, grunt_ministairs_13,
          nrook_mini_backslash, minivault_4, solitary_fountain
D:3:      lemuel_doored_altar, led_sif_pool
D:4:      first_bread, minmay_vboxes, uniq_eustachio
D:5:      elyvilon_altar_1, kennysheep_little_box, lemuel_angel_altar
D:6:      nicolae_dithmenos_shadow_blocks, kennysheep_mini_moat, uniq_menkaure
D:7:      nicolae_overflow_hidden_temple, nicolae_overflow_crystal_walls,
          temple_statues, chequers_big_river
D:8:      minmay_lair_entry_grove, uniq_psyche, uniq_grum, uniq_gastronok,
          uniq_maurice
D:9:      kennysheep_orc_monster_closet_entryway, serial_ice, serial_ice_a,
          serial_ice_h, serial_ice_n, serial_ice_j, serial_ice_d, serial_ice_o,
          serial_ice_f, serial_ice_m, special_room, uniq_erolcha
Temple:   grunt_temple_mini_profane
Lair:1:   beast_lair_carwin_9, lemuel_fruit_tree, grunt_megastairs_5

Skill      XL: |  1  2  3  4  5  6  7  8  9 10 |
---------------+-------------------------------+-----
Unarmed Combat | 4 6 8 10 11 | 11.7
Fighting       | 4 6 |  6.1
Dodging        | 5 7 |  7.0
Throwing       | 4 |  4.2
Stealth        | |  1.0

Action                   |  1- 3 |  4- 6 |  7- 9 | 10-12 || total
-------------------------+-------+-------+-------+-------++-------
Melee: Unarmed           |    65 |   174 |   260 |   139 ||   638
       Punch             |     2 |     2 |    15 |    10 ||    29
       Hand axe          |       |       |    24 |       ||    24
       Mace              |       |       |       |     6 ||     6
Throw: Stone             |       |       |     2 |       ||     2
  Use: Scroll            |       |    13 |    11 |     1 ||    25
       Potion            |       |       |     2 |     2 ||     4
 Stab: Sleeping          |     4 |       |     1 |     1 ||     6
  Eat: Chunk             |    14 |    18 |    40 |    15 ||    87
Armor: Robe              |    13 |    64 |   107 |    44 ||   228
Dodge: Dodged            |    24 |   108 |   156 |    96 ||   384
